 Dungeon Crawl Stone Soup version 0.31.0-12-g77e489cdc1 (webtiles) character file.

Game seed: 7705514138956830855

74 Arctor the Firebug (level 4, -1/24 HPs)
             Began as a Deep Elf Fire Elementalist on Feb 13, 2024.
             Slain by Grinder (2 damage)
             ... on level 3 of the Dungeon.
             The game lasted 00:01:35 (2761 turns).

Arctor the Firebug (Deep Elf Fire Elementalist)     Turns: 2761, Time: 00:01:37

Health: -1/24      AC:  2    Str:  5    XL:     4   Next: 9%
Magic:  3/10       EV: 13    Int: 20    God:
Gold:   113        SH:  0    Dex: 15    Spells: 4/10 levels left

rFire   . . .        e - +0 dagger (venom)
rCold   . . .        (no shield)
rNeg    . . .        a - +0 robe
rPois   +            (no helmet)
rElec   .            (no cloak)
rCorr   .            (no gloves)
SInv    .            (no boots)
Will    +....        (no amulet)
Stlth   ++           (no ring)
HPRegen 0.24/turn    (no ring)
MPRegen 0.12/turn

%: no passive effects
@: attractive, enlightened, flying
A: dopey 1, low MP 1, poison resistance, subdued magic 1
a: no special abilities


You were on level 3 of the Dungeon.
You visited 1 branch of the dungeon, and saw 3 of its levels.

You collected 113 gold pieces.

Inventory:

Hand Weapons
 e - a +0 dagger of venom (weapon)
Armour
 a - a +0 robe (worn)
Jewellery
 f - a +6 ring of dexterity
 g - a +6 ring of dexterity
 m - a ring of willpower
Scrolls
 h - a scroll of torment {unknown}
 i - a scroll of poison {unknown}
 k - a scroll of identify
 l - 3 scrolls of teleportation {unknown}
Potions
 b - a potion of magic
 j - a potion of curing
 n - a potion of enlightenment


   Skills:
 + Level 3.2 Dodging
 + Level 3.2 Stealth
 + Level 3.7 Spellcasting
 + Level 2.1 Conjurations
 + Level 3.8 Fire Magic


You had 4 spell levels left.
You knew the following spells:

 Your Spells              Type           Power      Damage    Failure   Level
a - Foxfire               Conj/Fire      48%        2x1d6     2%          1
b - Scorch                Fire           28%        2d6       3%          2
c - Inner Flame           Hex/Fire       8%         N/A       16%         3

Your spell library contained the following spells:

 Spells                   Type           Power      Damage    Failure   Level
 Volatile Blastmotes      Fire/Tloc      16%        2d11      16%         3
 Flame Wave               Conj/Fire      12%        2d6       32%         4
 Manifold Assault         Tloc           2%         N/A       75%         4
 Dispersal                Tloc           1%         N/A       100%        6
 Disjunction              Tloc           1%         N/A       100%        8


Dungeon Overview and Level Annotations

Branches:
Dungeon (3/15)

Altars:

Annotations:
D:3 Grinder


Innate Abilities, Weirdness & Mutations

You are dopey. (Int -2)
Your magical capacity is low. (-10% MP)
Your system is resistant to poisons. (rPois)
Your spells are a little easier to cast, but a little less powerful.


Message History

Pain shoots through your body!
Ouch! That really hurt!
* * * LOW HITPOINT WARNING * * *
It was a potion of attraction.
You feel attractive to monsters. Grinder closely misses you.
It was a potion of mutation.
You feel extremely strange.
You feel less energetic.
You feel stupid.
Your connection to magic feels subdued.
You feel resistant to poisons. Grinder gestures at you.
You suddenly lose the ability to move!
Grinder hits you.
* * * LOW HITPOINT WARNING * * *
Grinder gestures at you.
You shrug off the repeated paralysis!
Grinder hits you but does no damage.
You can move again.
It was a potion of curing.
You feel better. Grinder barely misses you.
It was a potion of enlightenment.
You feel very buoyant.
You fly up into the air.
Grinder hits you.
You writhe in agony.
* * * LOW HITPOINT WARNING * * *
It was a potion of heal wounds.
You feel much better. Grinder hits you!
You writhe in agony.
You barely miss Grinder.
Grinder is lightly wounded.
Grinder hits you.
* * * LOW HITPOINT WARNING * * *
You writhe in agony.
* * * LOW HITPOINT WARNING * * *
You hit Grinder.
Grinder is poisoned.
Grinder is lightly wounded.
Grinder closely misses you.
You hit Grinder but do no damage.
Grinder looks even sicker.
Grinder is lightly wounded.
Grinder hits you.
* * * LOW HITPOINT WARNING * * *
You writhe in agony.
You die...
Grinder says, "Now the real fun starts!"

#.#.#####... #.#<#
#.#.# #.#5# #.#.#
#.#.#
########.#.#######
.........5......).
########@#.#######
.................
##.####.#........
#.######### #.#
#.# #.# ..# ##


You could see Grinder (very poisoned).

Vanquished Creatures
  Terence (D:3)
  2 adders (D:2)
  2 dart slugs
  5 bats
  2 endoplasms
  A giant cockroach (D:1)
  3 goblins
  3 hobgoblins
  A quokka (D:1)
  3 ball pythons
  A frilled lizard (D:1)
  2 rats (D:1)
26 creatures vanquished.

Vanquished Creatures (others)
  181 foxfires
181 creatures vanquished.

Grand Total: 207 creatures vanquished

Notes
Turn   | Place    | Note
-------+----------+-------------------------------------------
     0 | D:1      | Arctor the Deep Elf Fire Elementalist began the quest for
                  | the Orb.
     0 | D:1      | Reached XP level 1. HP: 10/10 MP: 6/6
   435 | D:1      | Reached XP level 2. HP: 15/15 MP: 2/8
   663 | D:1      | Learned a level 2 spell: Scorch
  1555 | D:2      | Reached XP level 3. HP: 19/19 MP: 4/9
  2378 | D:2      | Learned a level 3 spell: Inner Flame
  2718 | D:3      | Noticed Grinder
  2722 | D:3      | Noticed Terence
  2740 | D:3      | Killed Terence
  2741 | D:3      | Reached XP level 4. HP: 13/24 MP: 1/11
  2752 | D:3      | Gained mutation: Your magical capacity is low. (-10% MP)
                  | [potion of mutation]
  2752 | D:3      | Gained mutation: You are dopey. (Int -2) [potion of
                  | mutation]
  2752 | D:3      | Gained mutation: Your spells are a little easier to cast,
                  | but a little less powerful. [potion of mutation]
  2752 | D:3      | Gained mutation: Your system is resistant to poisons.
                  | (rPois) [potion of mutation]
  2752 | D:3      | Paralysed by Grinder for 4 turns
  2753 | D:3      | HP: 1/24 [Grinder (2)]
  2761 | D:3      | HP: 1/24 [Grinder (2)]
  2761 | D:3      | Slain by Grinder

Illustrated notes

Levels and vault maps discovered:
D:1:      dpeg_arrival_long_road, layout_basic
D:2:      layout_basic, nrook_uturn
D:3:      layout_basic, grunt_temple_overflow_open,
          shapermc_ecumenical_altar_venn, kennysheep_big_empty_room,
          uniq_terence, uniq_grinder

Skill      XL: |  1  2  3 |
---------------+----------+-----
Stealth        | 3 |  3.2
Dodging        | 3 |  3.2
Conjurations   | 2 |  2.1
Spellcasting   | |  3.7
Fire Magic     | |  3.8

Action                     |  1- 3 |  4- 6 || total
---------------------------+-------+-------++-------
  Melee: Dagger            |     6 |     3 ||     9
   Cast: Foxfire           |   109 |     1 ||   110
         Scorch            |     7 |       ||     7
    Use: Scroll            |     2 |       ||     2
         Potion            |       |     5 ||     5
 Armour: Robe              |     5 |     6 ||    11
  Dodge: Dodged            |    24 |     3 ||    27
